 Dungeon Crawl Stone Soup version 0.29.0 (webtiles) character file.

Game seed: 6302801758254404951

96 Dorkslayer the Trooper (level 4, 0/35 HPs)
             Began as a Demonspawn Fighter on Sept 13, 2022.
             Slain by an orc
             ... wielding a +0 club
              (3 damage)
             ... on level 2 of the Dungeon.
             The game lasted 00:02:23 (719 turns).

Dorkslayer the Trooper (Demonspawn Fighter)          Turns: 719, Time: 00:02:24

Health: 0/35       AC: 10    Str: 18    XL:     4   Next: 41%
Magic:  4/4        EV:  7    Int: 10    God:
Gold:   79         SH:  4    Dex: 12    Spells: 3/3 levels left

rFire   . . .      SeeInvis .   a - +0 long sword
rCold   . . .      Faith    .   c - +0 buckler
rNeg    . . .      Spirit   .   f - +0 chain mail
rPois   .          Reflect  .   (no helmet)
rElec   .          Harm     .   (no cloak)
rCorr   .          Rampage  .   (no gloves)
Will    .....                   b - +0 pair of boots
Stlth   ..........              (no amulet)
HPRegen 0.11/turn               (no ring)
MPRegen 0.09/turn               (no ring)

@: mighty, hasted, very quick
A: hooves 1, spiny 1
a: no special abilities


You were on level 2 of the Dungeon.
You visited 1 branch of the dungeon, and saw 2 of its levels.

You collected 79 gold pieces.

Inventory:

Hand Weapons
 a - a +0 long sword (weapon)
Armour
 b - a +0 pair of boots (worn)
 c - a +0 buckler (worn)
 f - a +0 chain mail (worn)
Scrolls
 e - a scroll of vulnerability {unknown}
 j - a scroll of teleportation {unknown}
 m - 2 scrolls of identify {unknown}
 o - a scroll of enchant weapon {unknown}
Potions
 g - a potion of resistance {unknown}
 h - a potion of lignification {unknown}
 i - a potion of invisibility {unknown}
 k - a potion of haste
 l - a potion of mutation {unknown}
 n - a potion of degeneration {unknown}


   Skills:
 + Level 3.5 Fighting
 + Level 2.7 Long Blades
 + Level 3.2 Armour
 * Level 1.3 Dodging
 + Level 0.1 Stealth
 + Level 3.0 Shields


You had 3 spell levels left.
You didn't know any spells.
Your spell library was empty.

Dungeon Overview and Level Annotations

Branches:
Dungeon (2/15)

Altars:


Innate Abilities, Weirdness & Mutations

You have large cloven feet.
You are partially covered in sharp spines.


Message History

The orc wizard is moderately wounded.
The orc wizard hits you with a +0 dagger.
The orc wizard points at you and mumbles some strange words.
The magic dart hits you.
A magic dart appears from out of thin air!
The magic dart hits you but does no damage.
You barely miss the orc wizard.
The orc wizard is moderately wounded.
The orc wizard is struck by your spines.
The orc wizard hits you but does no damage.
You miss the orc wizard.
The orc wizard is heavily wounded.
You feel less confused. The orc hits you with a +0 whip.
The orc wizard hits you but does no damage.
You slash the orc wizard!
You kill the orc wizard!
The orc priest calls down the wrath of Beogh upon you.
Pain shoots through your body!
* * * LOW HITPOINT WARNING * * *
Your Dodging skill increases to level 1!
Your Shields skill increases to level 3!
It was a potion of haste.
You feel yourself speed up.
The orc priest is struck by your spines.
The orc priest closely misses you. Something hits you but does no damage.
The orc hits you but does no damage.
Okay, then.
You hit the orc priest.
The orc priest is heavily wounded.
You slash the orc priest!
You kill the orc priest!
The orc is struck by your spines. The orc hits you with a +0 club.
* * * LOW HITPOINT WARNING * * *
Something hits you but does no damage.
You have reached level 4!
You feel clever.
You barely miss the orc.
The orc is moderately wounded.
The orc hits you with a +0 club.
You die...

## #. .# #! .#
#.####.#
######....#.#
............#
.......)....#
.......#))o$#
.8...8.#o@#>#
.......#..# #
..o..o.#..#
...o{..#..#
#.8.oo8o#..#
#.......#..#
#. #..# #.#
#$⌠$ ##..#
#..#######...#


You could see 2 orcs.

Vanquished Creatures
  An orc priest (D:2)
  An orc wizard (D:2)
  An adder (D:2)
  2 orcs (D:2)
  A ball python (D:1)
  3 bats (D:1)
  An endoplasm (D:1)
  5 goblins (D:1)
  3 hobgoblins (D:1)
  2 quokkas (D:1)
  2 frilled lizards (D:1)
  7 kobolds
  2 rats (D:1)
31 creatures vanquished.

Notes
Turn   | Place    | Note
-------+----------+-------------------------------------------
     0 | D:1      | Dorkslayer the Demonspawn Fighter began the quest for the
                  | Orb.
     0 | D:1      | Reached XP level 1. HP: 18/18 MP: 1/1
   191 | D:1      | Gained mutation: You are partially covered in sharp spines.
                  | [demonic ancestry]
   191 | D:1      | Reached XP level 2. HP: 24/24 MP: 2/2
   674 | D:2      | Gained mutation: You have large cloven feet. [demonic
                  | ancestry]
   674 | D:2      | Reached XP level 3. HP: 26/29 MP: 3/3
   716 | D:2      | Reached skill level 1 in Dodging
   719 | D:2      | Reached XP level 4. HP: 2/35 MP: 4/4
   719 | D:2      | Slain by an orc

Illustrated notes

Levels and vault maps discovered:
D:1:      lightli_molten_gateway, layout_loops_ring, minmay_octomino_c4
D:2:      cheibrodos_pilgrimage, layout_basic,
          dilly_ecumenical_altar_fadedgnrine, serial_corexii_hall,
          corexii_hall_statues_deadend, corexii_hall_statues_t,
          chequers_hall_statues_corner_a, uniq_natasha

Skill      XL: |  1  2  3 |
---------------+----------+-----
Long Blades    | 2 |  2.7
Armour         | 3 |  3.2
Dodging        | 1 |  1.3
Shields        | 3 |  3.0
Fighting       | |  3.5
Stealth        | |  0.1

Action                   |  1- 3 |  4- 6 || total
-------------------------+-------+-------++-------
Melee: Long sword        |    57 |     1 ||    58
  Use: Potion            |     2 |       ||     2
Armor: Scale mail        |     3 |       ||     3
       Chain mail        |    29 |       ||    29
Dodge: Dodged            |    15 |       ||    15
Block: Buckler           |    14 |       ||    14
